 Dungeon Crawl Stone Soup version 0.28.0 (webtiles) character file.

Game seed: 15825896131818956418

578 DemonSlayer the Grave Robber (level 7, -6/37 HPs)
             Began as a Deep Elf Necromancer on Feb 5, 2022.
             Was an Initiate of Yredelemnul.
             Mangled by a black bear (9 damage)
             ... on level 5 of the Dungeon.
             The game lasted 00:14:59 (7412 turns).

DemonSlayer the Grave Robber (Deep Elf Necromancer) Turns: 7412, Time: 00:15:00

Health: -6/37      AC:  2    Str:  5    XL:     7   Next: 13%
Magic:  15/19      EV: 13    Int: 22    God:    Yredelemnul [......]
Gold:   142        SH:  5    Dex: 15    Spells: 9/20 levels left

rFire   . . .      SeeInvis .   c - +0 dagger
rCold   . . .      Faith    .   (no shield)
rNeg    . . .      Spirit   .   a - +0 robe
rPois   .          Reflect  +   (no helmet)
rElec   .          Harm     .   (no cloak)
rCorr   .          Rampage  .   (no gloves)
Will    .....                   (no boots)
Stlth   ++........              f - amulet of reflection
HPRegen 0.12/turn               (no ring)
MPRegen 0.16/turn               (no ring)

@: weak-willed
A: no striking features
a: Renounce Religion, Recall Undead Harvest


You were on level 5 of the Dungeon.
You worshipped Yredelemnul.
Yredelemnul was noncommittal.
You visited 2 branches of the dungeon, and saw 6 of its levels.

You collected 142 gold pieces.

Inventory:

Hand Weapons
 c - a +0 dagger (weapon)
Armour
 a - a +0 robe (worn)
Jewellery
 f - an amulet of reflection (around neck)
Wands
 b - a wand of paralysis (8)
Scrolls
 d - a scroll of magic mapping
 j - a scroll of identify
 k - a scroll of acquirement {unknown}
 o - a scroll of fear {unknown}
Potions
 g - a potion of resistance
 i - a potion of brilliance
 l - a potion of flight {unknown}
 m - a potion of berserk rage {unknown}
 n - a potion of heal wounds {unknown}
 p - a potion of attraction


   Skills:
 + Level 0.5 Fighting
 + Level 0.3 Short Blades
 + Level 2.7 Dodging
 + Level 3.3 Stealth
 + Level 0.2 Shields
 + Level 7.4 Spellcasting
 + Level 7.6 Necromancy
 + Level 0.1 Invocations


You had 9 spell levels left.
You knew the following spells:

 Your Spells              Type           Power      Damage    Failure   Level
a - Pain                  Necr           100%       1d9       1%          1
b - Animate Skeleton      Necr           82%        N/A       1%          1
c - Sublimation of Blood  Necr           41%        N/A       1%          2
d - Vampiric Draining     Necr           41%        2d8       1%          3
e - Animate Dead          Necr           20%        N/A       3%          4

Your spell library contained the following spells:

 Spells                   Type           Power      Damage    Failure   Level
 Magic Dart               Conj           32%        1d4       8%          1
 Agony                    Necr           41%        N/A       10%         5
 Call Imp                 Summ           8%         N/A       12%         2
 Wereblood                Tmut           8%         N/A       12%         2
 Mephitic Cloud           Conj/Pois/Air  8%         N/A       24%         3
 Stone Arrow              Conj/Erth      16%        3d8       24%         3
 Animate Armour           Summ/Erth      16%        N/A       61%         4
 Summon Hydra             Summ           4%         N/A       100%        7
 Lehudib's Crystal Spear  Conj/Erth      4%         10d3      100%        8


Dungeon Overview and Level Annotations

Branches:
Dungeon (5/15)             Temple (1/1) D:4

Altars:
Ashenzari
Elyvilon
Fedhas
Hepliaklqana
Kikubaaqudgha
Nemelex Xobeh
Qazlal
Ru
Sif Muna
Trog
Uskayaw
Vehumet
Wu Jian
Xom
Yredelemnul
Zin
The Shining One
Ignis

Shops:
D:3 [


Message History

You swap places.
Your scorpion zombie hits the black bear!
The black bear barely misses your scorpion zombie.
The black bear claws your scorpion zombie.
The black bear claws your scorpion zombie but does no damage.
Your scorpion zombie barely misses the black bear.
The black bear completely misses your scorpion zombie.
The black bear claws your scorpion zombie.
The black bear claws your scorpion zombie but does no damage.
Your scorpion zombie hits the black bear.
The black bear goes berserk!
You can't see any susceptible monsters within range! (Use Z to cast anyway.)
The black bear bites your scorpion zombie!
Your scorpion zombie is destroyed!
The black bear writhes in agony.
The black bear writhes in agony.
The black bear misses you. x2
The black bear closely misses you. The black bear completely misses you.
The black bear claws you. x2
The black bear barely resists.
The black bear bites you! The black bear claws you.
The black bear completely misses you.
You feel better. The black bear bites you. You block the black bear's attack.
The black bear barely misses you. The black bear bites you.
The black bear claws you.
* * * LOW HITPOINT WARNING * * *
The black bear barely misses you.
Okay, then.
As you read the scroll labelled LIOHOEK RANA, it crumbles to dust.
Magic quickly surges around you.
It was a scroll of vulnerability.
You block the black bear's attack. The black bear claws you.
* * * LOW HITPOINT WARNING * * *
The black bear claws you.
* * * LOW HITPOINT WARNING * * *
As you read the scroll labelled COYXZIAF YTUM, it crumbles to dust.
You feel aware of your surroundings.
You sensed 1 altar.
It was a scroll of magic mapping.
You block the black bear's attack. The black bear claws you.
* * * LOW HITPOINT WARNING * * *
The black bear misses you. The black bear bites you!
You die...
Your body rises from the dead as a mindless zombie.

******,*,*##...................#
,,,,,,,*,,,....................#
,,,,,,,*****#..................#
,,,,,,<*****#..................#
,,,,,,,,,,,,...................#
,,,,,,****,,*#.#...............#
,,,,,,* *,,,#.#...............#
,,,,,,* *****,#.#..........<..#
,,,,,,* *<,,,#@#.............#
,,,,,,* *,*,,#h#.............#
,,,,,,* *,***#.##...#'########
,,,,,,* #<......#.##### ,,,,,,*
#########.# ,,,,,,* #.......#.#
,*+*,** #.#####.#.##########
,*,*,* #.#####............#
**,#.######....##..>.........#


You could see a black bear (berserk, weak-willed).

Vanquished Creatures
  An ice beast (D:5)
  A scorpion (D:5)
  A jelly (D:5)
  A bullfrog zombie (D:5)
  2 hounds
  An iguana (D:4)
  An orc wizard (D:3)
  A gnoll (D:1)
  8 adders
  A worm (D:2)
  5 dart slugs
  11 orcs
  5 bats
  8 endoplasms
  6 giant cockroaches
  9 hobgoblins
  2 jackals (D:5)
  2 quokkas
  4 ball pythons
  4 frilled lizards
  7 goblins
  6 kobolds
  5 rats
92 creatures vanquished.

Vanquished Creatures (collateral kills)
  A centaur zombie (D:5)
  A bullfrog skeleton (D:5)
2 creatures vanquished.

Vanquished Creatures (others)
  A scorpion zombie (D:5)
  A hobgoblin (D:4)
  3 plants (D:1)
5 creatures vanquished.

Grand Total: 99 creatures vanquished

Notes
Turn   | Place    | Note
-------+----------+-------------------------------------------
     0 | D:1      | DemonSlayer the Deep Elf Necromancer began the quest for
                  | the Orb.
     0 | D:1      | Reached XP level 1. HP: 10/10 MP: 6/6
   114 | D:1      | Reached skill level 5 in Necromancy
   114 | D:1      | Reached XP level 2. HP: 9/15 MP: 1/8
   691 | D:1      | Reached XP level 3. HP: 18/19 MP: 8/10
   693 | D:1      | Learned a level 1 spell: Animate Skeleton
  1183 | D:1      | Found a faded altar of an unknown god.
  1648 | D:2      | Found an ornate altar of the Wu Jian Council.
  1667 | D:2      | Reached XP level 4. HP: 16/24 MP: 10/12
  2678 | D:2      | Learned a level 2 spell: Sublimation of Blood
  2682 | D:2      | Learned a level 3 spell: Vampiric Draining
  2687 | D:2      | Learned a level 4 spell: Animate Dead
  3089 | D:3      | Reached skill level 5 in Spellcasting
  3335 | D:3      | Reached XP level 5. HP: 17/28 MP: 11/14
  3743 | D:3      | Found Ziteciog's Antique Armour Shoppe.
  4195 | D:3      | Found a faded altar of an unknown god.
  4195 | D:3      | Found a hide-covered altar of Uskayaw.
  4203 | D:3      | Found a bloodstained altar of Trog.
  4205 | D:3      | Found a faded altar of an unknown god.
  4206 | D:3      | Found an ancient bone altar of Kikubaaqudgha.
  4644 | D:4      | Found a stormy altar of Qazlal.
  5624 | D:4      | Reached XP level 6. HP: 30/32 MP: 14/17
  5701 | D:4      | Found a staircase to the Ecumenical Temple.
  5712 | Temple   | Entered the Ecumenical Temple
  5782 | Temple   | Became a worshipper of Yredelemnul the Dark
  5979 | D:5      | Entered Level 5 of the Dungeon
  7233 | D:5      | Noticed an ice beast
  7249 | D:5      | Killed an ice beast
  7250 | D:5      | Reached XP level 7. HP: 30/37 MP: 10/19
  7412 | D:5      | Mangled by a black bear

Illustrated notes

Levels and vault maps discovered:
D:1:      minmay_arrival_solitary_statue, layout_loops_ring,
          ebering_ecumenical_altar_box, kennysheep_small_spiral,
          serial_bayou_lake_a
D:2:      layout_basic, basic_altar
D:3:      layout_basic, chequers_temple_overflow_minitemple, serial_shops,
          nicolae_shop_crystal
D:4:      layout_basic, grunt_qazlal_clouds, minmay_temple_entry_statues_pillars
D:5:      layout_basic, slow_altar_1
Temple:   pdpol_scorched_temple

Skill      XL: |  1  2  3  4  5  6 |
---------------+-------------------+-----
Necromancy     | 5 6 7 |  7.6
Spellcasting   | 4 5 6 7 |  7.4
Stealth        | 3 |  3.3
Fighting       | |  0.5
Short Blades   | |  0.3
Dodging        | |  2.7
Shields        | |  0.2
Invocations    | |  0.1

Action                   |  1- 3 |  4- 6 |  7- 9 || total
-------------------------+-------+-------+-------++-------
Melee: Dagger            |     6 |    15 |       ||    21
 Cast: Pain              |    49 |   125 |     6 ||   180
       Vampiric Draining |       |     2 |       ||     2
Invok: Recall Undead Har |       |     2 |       ||     2
Evoke: Wand              |       |     2 |       ||     2
  Use: Potion            |       |     7 |     1 ||     8
       Scroll            |       |     2 |     2 ||     4
 Stab: Sleeping          |     1 |       |       ||     1
       Distracted        |       |     1 |       ||     1
Armor: Robe              |     1 |     9 |       ||    10
Dodge: Dodged            |     6 |    43 |     8 ||    57
Block: Other             |       |    12 |     3 ||    15
       Reflection        |       |     1 |       ||     1
